 Dungeon Crawl Stone Soup version 0.28.0-49-g6dfe1f597d (webtiles) character file.

Game seed: 17071787801637831081

96 xian the Ogre Mage (level 4, -9/39 HPs)
             Began as an Ogre Hedge Wizard on May 14, 2022.
             Was an Initiate of the Shining One.
             Mangled by an iguana (13 damage)
             ... on level 3 of the Dungeon.
             The game lasted 00:34:50 (3845 turns).

xian the Ogre Mage (Ogre Hedge Wizard)              Turns: 3845, Time: 00:34:51

Health: -9/39      AC:  3    Str: 14    XL:     4   Next: 67%
Magic:  6/11       EV: 10    Int: 17    God:    the Shining One [......]
Gold:   296        SH:  0    Dex:  8    Spells: 7/13 levels left

rFire   . . .      SeeInvis .   k - +1 scythe (flame)
rCold   . . .      Faith    .   (shield currently unavailable)
rNeg    . . .      Spirit   .   b - +0 robe
rPois   .          Reflect  .   c - +0 hat
rElec   .          Harm     .   (no cloak)
rCorr   .          Rampage  .   (gloves unavailable)
Will    .....                   (boots unavailable)
Stlth   +.........              (no amulet)
HPRegen 0.13/turn               (no ring)
MPRegen 0.12/turn               (no ring)

@: glowing
A: large, unfitting armour, tough skin 1
a: Renounce Religion


You were on level 3 of the Dungeon.
You worshipped the Shining One.
The Shining One was noncommittal.
You visited 1 branch of the dungeon, and saw 4 of its levels.

You collected 296 gold pieces.

Inventory:

Hand Weapons
 a - a +0 dagger
 k - a +1 scythe of flaming (weapon)
Armour
 b - a +0 robe (worn)
 c - a +0 hat (worn)
 e - a scarf of shadows
Scrolls
 d - a scroll of fog
 g - a scroll of acquirement {unknown}
 h - 2 scrolls of identify
Potions
 f - 2 potions of curing
 i - a potion of attraction {unknown}
 j - a potion of berserk rage {unknown}


   Skills:
 + Level 2.3 Dodging
 + Level 1.6 Stealth
 + Level 5.0 Spellcasting
 + Level 1.7 Conjurations
 + Level 1.2 Summonings
 + Level 0.9 Translocations


You had 7 spell levels left.
You knew the following spells:

 Your Spells              Type           Power      Damage    Failure   Level
a - Magic Dart            Conj           40%        1d5       7%          1
b - Slow                  Hex            16%        N/A       14%         1
c - Call Imp              Summ           8%         N/A       13%         2
d - Blink                 Tloc           14%        N/A       14%         2

Your spell library contained the following spells:

 Spells                   Type           Power      Damage    Failure   Level
 Summon Small Mammal      Summ           32%        N/A       9%          1
 Corpse Rot               Necr/Air       8%         N/A       22%         2
 Poisonous Vapours        Pois/Air       8%         N/A       22%         2
 Call Canine Familiar     Summ           8%         N/A       26%         3
 Conjure Flame            Conj/Fire      7%         6-21      30%         3
 Mephitic Cloud           Conj/Pois/Air  6%         N/A       32%         3
 Summon Guardian Golem    Hex/Summ       6%         N/A       32%         3
 Portal Projectile        Hex/Tloc       10%        N/A       34%         3
 Leda's Liquefaction      Hex/Erth       2%         N/A       80%         4
 Summon Forest            Summ/Tloc      3%         N/A       94%         5
 Summon Mana Viper        Hex/Summ       6%         N/A       97%         5
 Summon Cactus Giant      Summ           4%         N/A       100%        6


Dungeon Overview and Level Annotations

Branches:
Dungeon (4/15)
 Temple: D:4-7

Altars:
Elyvilon
Gozag
Yredelemnul
The Shining One


Innate Abilities, Weirdness & Mutations

You are too large for most types of armour.
You have tough skin. (AC +1)


Message History

Aim: an endoplasm (100% to hit)
The magic dart hits the endoplasm.
The endoplasm is almost dead.
The endoplasm misses you.
You hit the endoplasm. You burn the endoplasm.
You kill the endoplasm!
The iguana bites you!
The iguana bites you but does no damage.
Aiming: Magic Dart (safe; 7% risk of failure)
Press: ? - help, Q - select action, (/) - cycle Shift-Dir - straight line, f - iguana
Aim: an iguana (100% to hit)
You miscast Magic Dart.
You are very lightly contaminated with residual magic.
Nothing appears to happen.
The iguana bites you.
Aiming: Magic Dart (safe; 7% risk of failure)
Press: ? - help, Q - select action, (/) - cycle Shift-Dir - straight line, f/p - iguana
Aim: an iguana (100% to hit)
The magic dart hits the iguana.
The iguana is lightly wounded.
The iguana misses you.
Aiming: Magic Dart (safe; 7% risk of failure)
Press: ? - help, Q - select action, (/) - cycle Shift-Dir - straight line, f/p - iguana
Aim: an iguana (lightly wounded, 100% to hit)
The magic dart hits the iguana.
The iguana is moderately wounded.
The iguana barely misses you.
You closely miss the iguana.
The iguana is moderately wounded.
The iguana bites you! x2
* * * LOW HITPOINT WARNING * * *
The iguana closely misses you.
You climb upwards.
Your magical contamination has completely faded away.
There is a stone staircase leading down here.
Gozag petitions for your drink to fail. The iguana barely misses you.
Gozag petitions for your drink to fail. The iguana bites you!
You die...

.......(....#.# #.# #.#
..###.####..#.# #.# #.# ..###.#
#..#.######.## #.# ......#
#............###.#
..#########.###........##<#######
............).....(....##........
............###........##########
...########## ##l##...## ...#
###########@##.### ...#
#.........#.##.#### ## ...#
#.................# #≈
..####.........#.##.##.# #≈
.....#.........#.##.##.# ###≈
####.............##.##.# #.†.
###.........#(##.##.# #.#≈
#..<........#..##.# #.#≈
#(.........##.###.# #.#≈


You could see an iguana.

Vanquished Creatures
  3 adders (D:2)
  A worm (D:3)
  3 dart slugs
  9 ball pythons
  4 endoplasms
  4 giant cockroaches
  4 goblins
  7 hobgoblins
  3 jackals (D:1)
  4 kobolds
  4 quokkas
  3 bats
  5 frilled lizards
  2 rats (D:1)
56 creatures vanquished.

Notes
Turn   | Place    | Note
-------+----------+-------------------------------------------
     0 | D:1      | xian the Ogre Hedge Wizard began the quest for the Orb.
     0 | D:1      | Reached XP level 1. HP: 16/16 MP: 5/5
    88 | D:1      | Learned a level 1 spell: Slow
   257 | D:1      | Reached XP level 2. HP: 20/24 MP: 0/6
   284 | D:1      | Learned a level 2 spell: Call Imp
   358 | D:1      | Reached skill level 4 in Spellcasting
   374 | D:1      | Learned a level 2 spell: Blink
   477 | D:1      | Reached skill level 1 in Conjurations
   930 | D:1      | Found a faded altar of an unknown god.
   938 | D:1      | Prayed at the altar of an unknown god.
   938 | D:1      | Became a worshipper of Gozag Ym Sagoz the Greedy
  1082 | D:1      | Reached XP level 3. HP: 31/31 MP: 5/8
  2230 | D:2      | Reached XP level 4. HP: 38/39 MP: 5/10
  2478 | D:2      | Reached skill level 1 in Summonings
  3305 | D:3      | Found a basalt altar of Yredelemnul.
  3307 | D:3      | Noticed a profane servitor
  3327 | D:3      | Found a glowing golden altar of the Shining One.
  3329 | D:3      | Noticed an angel
  3336 | D:3      | Fell from the grace of Gozag
  3336 | D:3      | Became a worshipper of the Shining One
  3459 | D:3      | Reached skill level 5 in Spellcasting
  3551 | D:3      | Found a white marble altar of Elyvilon.
  3845 | D:3      | Mangled by an iguana

Illustrated notes

Levels and vault maps discovered:
D:1:      dpeg_arrival_connections, layout_loops_corners,
          hellmonk_ecumenical_altar_pennies_from_heaven,
          minmay_misc_feat_nine_boxes, serial_bayou_ford_a,
          corexii_item_surrounded_by_moat
D:2:      layout_loops_ring
D:3:      layout_loops_ring, grunt_temple_overflow_holy_war,
          overflow_temple_1_default, kennysheep_generic_room_9
D:4:      layout_gridville, mainiacjoe_overflow_cross_hatched,
          nicolae_overflow_hidden_temple, uniq_duvessa, uniq_crazy_yiuf_cottage,
          uniq_blork_the_orc

Skill      XL: |  1  2  3  4 |
---------------+-------------+-----
Dodging        | 2 |  2.3
Spellcasting   | 4 5 |  5.0
Conjurations   | 1 |  1.7
Summonings     | 1 |  1.2
Stealth        | |  1.6
Translocations | |  0.9

Action                   |  1- 3 |  4- 6 || total
-------------------------+-------+-------++-------
Melee: Dagger            |    30 |    20 ||    50
       Scythe            |       |     2 ||     2
       Punch             |       |     1 ||     1
 Cast: Magic Dart        |    95 |    52 ||   147
       Blink             |     2 |       ||     2
       Call Imp          |       |     1 ||     1
  Use: Scroll            |     1 |     1 ||     2
 Stab: Sleeping          |     1 |       ||     1
Armor: Robe              |    17 |     9 ||    26
Dodge: Dodged            |    39 |    22 ||    61
